 Dungeon Crawl Stone Soup version 0.25.1-4-g9407a263a5 (webtiles) character file.

Game seed: 13257369400869683030

419 Gabide the Poker (level 7, -6/51 HPs)
             Began as a Human Gladiator on Nov 28, 2020.
             Was an Initiate of Ru.
             Mangled by a phantom (8 damage)
             ... on level 5 of the Dungeon.
             The game lasted 00:09:34 (3795 turns).

Gabide the Poker (Human Gladiator)                  Turns: 3795, Time: 00:09:34

Health: -6/51      AC:  9    Str: 16    XL:     7   Next: 16%
Magic:  7/7        EV: 13    Int:  6    God:    Ru [......]
Gold:   338        SH:  0    Dex: 15    Spells: 6/6 levels left

rFire    . . .     SeeInvis .   j - +1 halberd
rCold    . . .     Gourm    .   (shield currently unavailable)
rNeg     . . .     Faith    .   i - +0 ring mail
rPois    +         Spirit   .   c - +0 helmet
rElec    .         Reflect  .   e - +0 cloak
rCorr    .         Harm     .   p - +1 pair of gloves
MR       +....                  (no boots)
Stlth    +.........             (no amulet)
HPRegen  0.17/turn              q - ring of protection from magic
MPRegen  0.10/turn              r - ring of poison resistance

@: marked
A: blink, dopey 1
a: Blink, Renounce Religion


You were on level 5 of the Dungeon.
You worshipped Ru.
Ru was noncommittal.
You were hungry.

You visited 1 branch of the dungeon, and saw 5 of its levels.

You collected 338 gold pieces.

Inventory:

Hand Weapons
 j - a +1 halberd (weapon)
Missiles
 g - 11 poisoned darts (quivered)
 l - 2 boomerangs
Armour
 c - a +0 helmet (worn)
 e - a +0 cloak (worn)
 i - a +0 ring mail (worn)
 p - a +1 pair of gloves (worn)
Jewellery
 q - a ring of protection from magic (left hand)
 r - a ring of poison resistance (right hand)
Wands
 n - a wand of random effects (21)
Scrolls
 o - a scroll of amnesia
 u - 3 scrolls of remove curse
Potions
 h - 2 potions of brilliance
 m - 2 potions of mutation
Comestibles
 a - 3 chunks of flesh
 f - 6 rations


   Skills:
 + Level 2.4 Fighting
 * Level 6.0 Polearms
 - Level 2.2 Throwing
 + Level 2.5 Armour
 * Level 4.1 Dodging


You had 6 spell levels left.
You didn't know any spells.
Your spell library was empty.

Dungeon Overview and Level Annotations

Branches:
Dungeon (5/15)             Temple (0/1) D:4

Altars:
Ru


Innate Abilities, Weirdness & Mutations

You can translocate small distances at will.
You are dopey. (Int -2)


Message History

You miss something.
The phantom hits you but does no damage.
A sky beast appears from thin air!
Reactivating autopickup.
The sky beast hits you but does no damage.
The worm barely misses you.
Throwing (i - inventory. (/) - cycle)
d - a throwing net (quivered)
Press: ? - help, Shift-Dir - straight line, f/p - sky beast
Aim: a sky beast (rain, lightly wounded)
You throw a throwing net. The throwing net hits the sky beast.
The sky beast is caught in the net!
The sky beast is lightly wounded.
The phantom barely misses you.
The sky beast struggles against the net.
You slash the sky beast!
The sky beast is moderately wounded.
The leopard gecko hisses menacingly.
The sky beast struggles against the net.
The phantom hits you!
You die...

##. #..#..###.##.###..#
#.. #.(...#.......#....
#... #.....#.......'....
#... #....##..#######.#
##...##....##..##..###'#
+.....aS........#.......
#..$..5ls.......#.......
#..###Y#########..###..
#@# #..###.. #.WwO#
<..^..... #....#
......... ##..##
..###... #..# . ###...
.... ...... .... ....
...... ..... ... (......
... .......


You could see a phantom, a sky beast (caught), an ogre, a worm, a worker ant, a
shadow imp, a leopard gecko, a giant cockroach and a ball python.

Vanquished Creatures
  A scorpion (D:5)
  A centaur skeleton (D:4)
  An orc priest (D:5)
  An iguana (D:4)
  A worker ant (D:5)
  A hound skeleton (D:4)
  Robin (D:2)
  4 gnolls (D:4)
  8 adders
  2 oozes
  An adder skeleton (D:4)
  2 worms
  8 dart slugs
  6 leopard geckos
  3 orcs (D:5)
  5 giant cockroaches
  7 goblins (D:2)
  9 hobgoblins
  5 jackals
  7 kobolds
  2 quokkas
  A ball python (D:2)
  5 bats
  6 frilled lizards
  A jackal skeleton (D:5)
  12 rats
101 creatures vanquished.

Notes
Turn   | Place    | Note
-------+----------+-------------------------------------------
     0 | D:1      | Gabide the Human Gladiator began the quest for the Orb.
     0 | D:1      | Reached XP level 1. HP: 16/16 MP: 1/1
   203 | D:1      | Reached XP level 2. HP: 22/22 MP: 2/2
   434 | D:1      | Reached XP level 3. HP: 26/27 MP: 3/3
  1056 | D:2      | Reached XP level 4. HP: 33/33 MP: 4/4
  1152 | D:2      | Noticed Robin
  1169 | D:2      | Killed Robin
  1169 | D:2      | Reached skill level 4 in Polearms
  1285 | D:2      | Reached skill level 1 in Armour
  1760 | D:2      | Reached XP level 5. HP: 37/38 MP: 5/5
  2672 | D:4      | Found a staircase to the Ecumenical Temple.
  2711 | D:4      | Reached XP level 6. HP: 29/44 MP: 6/6
  2724 | D:4      | Reached skill level 5 in Polearms
  3066 | D:4      | Found a sacrificial altar of Ru.
  3073 | D:4      | Became a worshipper of Ru the Awakened
  3623 | D:5      | Entered Level 5 of the Dungeon
  3747 | D:5      | Reached XP level 7. HP: 51/51 MP: 7/7
  3778 | D:5      | Reached skill level 6 in Polearms
  3789 | D:5      | HP: 2/51 [worm (10)]
  3791 | D:5      | Gained mutation: You are dopey. (Int -2) [potion of
                  | mutation]
  3791 | D:5      | Gained mutation: You can translocate small distances at
                  | will. [potion of mutation]
  3795 | D:5      | Mangled by a phantom

Illustrated notes

Levels and vault maps discovered:
D:1:      giann_bridges, layout_basic
D:2:      layout_basic, first_ration, dk_noncrumbling_3, uniq_robin
D:3:      layout_rooms
D:4:      layout_gridville, hangedman_ru_absence, minmay_temple_entry_ruins,
          serial_forest, infiniplex_forest_end_1, infiniplex_forest_straight_3,
          infiniplex_forest_straight_5, infiniplex_forest_lined_room_2,
          infiniplex_forest_end_3, infiniplex_forest_straight_4,
          infiniplex_forest_lined_2, infiniplex_forest_clump_diagonal
D:5:      layout_gridville, tso_oasis_becter, portal_sewer_entry_b

Skill      XL: |  1  2  3  4  5  6  7 |
---------------+----------------------+-----
Polearms       | 4 5 6 |  6.0
Armour         | 1 2 |  2.5
Dodging        | 4 |  4.1
Fighting       | |  2.4
Throwing       | |  2.2

Action                   |  1- 3 |  4- 6 |  7- 9 || total
-------------------------+-------+-------+-------++-------
Melee: Trident           |    83 |   186 |       ||   269
       Halberd           |       |    47 |    20 ||    67
Throw: Dart              |     7 |    45 |       ||    52
       Throwing net      |       |     3 |     4 ||     7
  Use: Scroll            |     2 |     6 |       ||     8
       Potion            |       |     1 |     2 ||     3
  Eat: Chunk             |       |     9 |       ||     9
Armor: Leather armour    |    13 |       |       ||    13
       Ring mail         |     8 |    82 |    14 ||   104
       Skin              |       |    56 |       ||    56
Dodge: Dodged            |    32 |   167 |    13 ||   212
